 Dungeon Crawl Stone Soup version 0.28-a0-544-g207b005307 (webtiles) character file.

Game seed: 13932154278660996154

2925 IndexError the Thaumaturge (level 9, -6/59 HPs)
             Began as a Gargoyle Ice Elementalist on Sept 28, 2021.
             Was an Initiate of Gozag.
             Mangled by a two-headed ogre (22 damage)
             ... on level 7 of the Dungeon.
             The game lasted 00:21:43 (7962 turns).

IndexError the Thaumaturge (GrIE)                   Turns: 7962, Time: 00:21:43

Health: -6/59      AC: 19    Str: 12    XL:     9   Next: 79%
Magic:  31/31      EV: 11    Int: 19    God:    Gozag
Gold:   145        SH:  0    Dex: 10    Spells: 19/26 levels left

rFire   . . .      SeeInvis .   A - +4 scimitar
rCold   . . .      Faith    .   (no shield)
rNeg    + . .      Spirit   .   a - +0 robe
rPois   ∞          Reflect  .   (no helmet)
rElec   +          Harm     .   x - +0 cloak
rCorr   .          Rampage  .   v - +2 pair of gloves
Will    .....                   y - +2 pair of boots {Fly}
Stlth   ++........              q - amulet of regeneration {+regen, !d}
HPRegen 1.19/turn               c - +4 ring of protection
MPRegen 0.22/turn               t - ring of magical power {MP+9}

@: flying
A: sickness immunity, AC +6, negative energy resistance 1, electricity
resistance, torment resistance 1, petrification resistance
a: Renounce Religion, Potion Petition, Call Merchant, Bribe Branch


You were on level 7 of the Dungeon.
You worshipped Gozag.
Gozag was aware of your devotion.
You visited 2 branches of the dungeon, and saw 8 of its levels.
You also visited: Sewer.

You collected 691 gold pieces.
You spent 466 gold pieces at shops.
You paid 80 gold pieces to Gozag.

Inventory:

Hand Weapons
 A - a +4 scimitar (weapon)
   (You took it off a wight on level 6 of the Dungeon)
Armour
 a - a +0 robe (worn)
 v - a +2 pair of gloves (worn)
   (You bought it in a shop on level 4 of the Dungeon)
 x - a +0 cloak (worn)
   (You bought it in a shop on level 4 of the Dungeon)
 y - a +2 pair of boots of flying (worn)
   (You bought it in a shop on level 4 of the Dungeon)
Jewellery
 c - a +4 ring of protection (left hand)
   (You found it on level 1 of the Dungeon)
 n - a ring of fire {rF+, rC-}
   (You found it on level 3 of the Dungeon)
 q - an amulet of regeneration (around neck) {+regen, !d}
   (You found it on level 4 of the Dungeon)
 t - a ring of magical power (right hand) {MP+9}
   (You found it on level 5 of the Dungeon)
Wands
 z - a wand of paralysis (9)
   (You found it on level 6 of the Dungeon)
Scrolls
 e - 2 scrolls of enchant armour {unknown}
 f - 2 scrolls of fear {unknown}
 g - 7 scrolls of identify {unknown}
 i - 4 scrolls of fog {unknown}
 j - a scroll of silence {unknown}
 k - 4 scrolls of magic mapping {unknown}
 o - a scroll of noise {unknown}
 s - a scroll of amnesia {unknown}
 w - a scroll of blinking {unknown}
 B - a scroll of immolation {unknown}
Potions
 b - 3 potions of flight {unknown}
 d - a potion of lignification {unknown}
 h - 3 potions of cancellation {unknown}
 l - 2 potions of attraction {unknown}
 m - 6 potions of curing {unknown}
 p - a potion of brilliance {unknown}
 r - a potion of resistance {unknown}
 u - a potion of haste {unknown}


   Skills:
 + Level 7.8 Fighting
 - Level 1.5 Dodging
 - Level 2.1 Stealth
 - Level 9.0 Spellcasting
 - Level 7.0 Ice Magic


You had 19 spell levels left.
You knew the following spells:

 Your Spells              Type           Power      Damage    Failure   Level
a - Freeze                Ice            100%       1d11      1%          1
b - Frozen Ramparts       Ice            70%        1d9       1%          3
A - Ozocubu's Armour      Ice            35%        N/A       1%          3

Your spell library contained the following spells:

 Spells                   Type           Power      Damage    Failure   Level
 Animate Skeleton         Necr           16%        N/A       9%          1
 Apportation              Tloc           16%        N/A       9%          1
 Summon Small Mammal      Summ           32%        N/A       9%          1
 Hailstorm                Conj/Ice       21%        3d6       19%         4
 Call Canine Familiar     Summ           8%         N/A       24%         3
 Portal Projectile        Hex/Tloc       16%        N/A       24%         3
 Leda's Liquefaction      Hex/Erth       4%         N/A       63%         4
 Alistair's Intoxication  Tmut/Pois      5%         N/A       92%         5
 Invisibility             Hex            4%         N/A       100%        6


Dungeon Overview and Level Annotations

Branches:
Dungeon (7/15)             Temple (1/1) D:5           Sewer (visited)

Altars:
Ashenzari
Cheibriados
Elyvilon
Fedhas
Gozag
Kikubaaqudgha
Makhleb
Nemelex Xobeh
Qazlal
Ru
Sif Muna
Uskayaw
Vehumet
Wu Jian
Xom
Yredelemnul
Zin
The Shining One

Shops:
D:4 [


Innate Abilities, Weirdness & Mutations

You are immune to sickness and miasma.
Your stone body is resilient. (AC +6)
You are immune to poison.
You resist negative energy. (rN+)
You are resistant to electric shocks. (rElec)
You are resistant to unholy torment.
You are immune to petrification.


Message History

Your icy armour will break if you move.
Continue?
Okay, then.
The black bear growls angrily.
MP restored: 31 An orc comes into view. It is wielding a +0 flail.
The orc shouts!
You hear a bark!
You slash the black bear!
Your icy armour starts to melt.
The black bear barely misses you.
The black bear claws you but does no damage.
The black bear closely misses you.
You closely miss the black bear.
The black bear bites you but does no damage.
The black bear claws you but does no damage.
The black bear barely misses you.
The black bear bites you but does no damage.
The black bear claws you but does no damage. x2
You barely miss the black bear.
The black bear bites you but does no damage.
The black bear barely misses you. x2
You slice the black bear!!
Your icy armour evaporates.
The orc hits you with a +0 flail. The orc barely misses you.
You take 1 damage, and have 56/58 hp.
You slash the orc!
Health restored: 58 No target in view!
No target in view!
You now have 89 gold pieces (gained 5).
Things that are here:
a +0 dagger; a +0 robe A hound is nearby!
The hound barks!
Things that are here:
11 gold pieces; a +0 mace; a +0 ring mail The hound is distracted by your dazzling golden aura.
The hound barks!
You slash the hound!
The hound is no longer distracted by gold.
The hound bites you but does no damage. The hound barely misses you.
You barely miss the hound. The hound closely misses you.
The hound bites you but does no damage.
You miss the hound. The hound bites you but does no damage.
The hound completely misses you.
You hit the hound.
The hound bites you but does no damage. x2
You completely miss the hound. The hound misses you.
The hound bites you but does no damage.
You closely miss the hound.
The hound bites you but does no damage. x2
You slash the hound!
Health restored: 59 No target in view!
You now have 95 gold pieces (gained 6).
You now have 103 gold pieces (gained 8).
Things that are here:
a +0 whip; a +0 ring mail You now have 128 gold pieces (gained 25).
Items here: )))) [[.
You now have 139 gold pieces (gained 11).
Things that are here:
a +0 mace; a +0 ring mail You now have 145 gold pieces (gained 6).
Things that are here:
a +0 mace; a +0 ring mail A centaur zombie comes into view.
There is an open door here.
A two-headed ogre comes into view.
It is wielding a +0 giant spiked club and a +0 giant club.
The two-headed ogre shouts in stereo!
The centaur zombie misses you. The centaur zombie barely misses you.
You hit the centaur zombie. The centaur zombie closely misses you.
The centaur zombie barely misses you.
The centaur zombie hits you but does no damage.
The centaur zombie completely misses you.
You hit the centaur zombie. The centaur zombie hits you.
The centaur zombie kicks you. The centaur zombie barely misses you.
The centaur zombie kicks you but does no damage.
You take 3 damage, and have 56/59 hp.
You slash the centaur zombie! The centaur zombie closely misses you.
The centaur zombie barely misses you.
An orc warrior comes into view.
It is wielding a +1 battleaxe of freezing.
The orc warrior shouts!
You slash the centaur zombie!
You hear a shout! x2; You hear an angry hiss.
The centaur zombie hits you.
The centaur zombie kicks you but does no damage.
The centaur zombie hits you but does no damage.
The centaur zombie kicks you.
A tengu conjurer comes into view.
You take 1 damage, and have 56/59 hp.
The two-headed ogre hits you with a +0 giant spiked club!!
The two-headed ogre hits you with a +0 giant club!!
* * * LOW HITPOINT WARNING * * *
A centaur warrior comes into view.
The tengu conjurer shouts!
You take 41 damage, and have 15/59 hp.
MASSIVE DAMAGE!!
The centaur zombie barely misses you.
The centaur zombie kicks you but does no damage.
The two-headed ogre misses you.
The two-headed ogre hits you with a +0 giant club!!
You die...
Your body crumbles into a pile of gold.

## .♣ ♣.♣ ♣. #######.).
.♣ ♣.♣ ♣Z ♣♣.♣♣#)).
.♣♣⌠♣♣o #♣...♣#).. .♣.♣.
#.....#... ..[
#.....#... # ##Q## ###
#.....#... .. #...# ♣.♣
#.♣♣♣.#...
...♣♣...♣♣♣.♣♣♣♣.♣.♣#...
♣.'>8@'..♣....♣♣♣.....
...♣♣.OZ♣♣♣.♣♣♣♣.♣.♣#...
#...# ♣.♣ #.♣♣♣.#...
##'## ### #.....#... ♣O
#.....#... $ ..
#.....#... ..o
#♣...♣#... ...c
♣♣.♣♣#..# ♣♣♣♣. ### #..#


You could see a centaur warrior, 2 two-headed ogres, a tengu conjurer, an orc
warrior and a centaur zombie.

Vanquished Creatures
  A water moccasin (D:7)
  3 black bears
  An orc warrior (D:6)
  An ice beast (D:7)
  A sky beast (D:5)
  A necrophage (D:5)
  An ogre (D:5)
  6 bullfrogs
  4 scorpions
  A killer bee (D:7)
  10 wights
  A centaur zombie (D:5)
  2 jellies (D:5)
  7 hounds
  5 orc priests
  2 bullfrog skeletons (D:5)
  2 centaur skeletons
  2 iguanas
  4 orc wizards
  A killer bee zombie (D:7)
  A hound skeleton (D:2)
  2 howler monkey zombies
  A howler monkey skeleton (D:6)
  5 gnolls
  10 adders
  A white imp (D:5)
  An ufetubus (D:6)
  A dart slug (D:3)
  14 orcs
  7 endoplasms
  7 giant cockroaches
  9 goblins
  6 hobgoblins
  3 jackals (D:1)
  9 quokkas
  10 ball pythons
  4 bats (D:1)
  8 frilled lizards
  8 kobolds
  3 rats
166 creatures vanquished.

Notes
Turn   | Place    | Note
-------+----------+-------------------------------------------
     0 | D:1      | IndexError the Gargoyle Ice Elementalist began the quest
                  | for the Orb.
     0 | D:1      | Reached XP level 1. HP: 10/10 MP: 3/3
     0 | D:1      | Noticed a vine stalker
     2 | D:1      | Noticed an octopode
    10 | D:1      | Noticed a ghoul
    25 | D:1      | Noticed an elf
    26 | D:1      | Noticed a barachi
    30 | D:1      | Noticed a dwarf
    31 | D:1      | Noticed an ogre
    33 | D:1      | Noticed a spriggan
    35 | D:1      | Noticed a vampire
    35 | D:1      | Noticed an ogre
   230 | D:1      | Reached XP level 2. HP: 8/15 MP: 0/5
   987 | D:1      | Reached XP level 3. HP: 19/19 MP: 6/6
  1708 | D:2      | Reached skill level 5 in Ice Magic
  1718 | D:2      | Reached XP level 4. HP: 20/24 MP: 3/8
  1813 | D:2      | Found a faded altar of an unknown god.
  2535 | D:3      | Found a sacrificial altar of Ru.
  2589 | D:3      | Found a hide-covered altar of Uskayaw.
  2758 | D:3      | Reached skill level 3 in Spellcasting
  2858 | D:3      | Learned a level 3 spell: Frozen Ramparts
  2862 | D:3      | Learned a level 3 spell: Ozocubu's Armour
  2869 | D:4      | Reached XP level 5. HP: 17/28 MP: 2/9
  3172 | D:4      | Noticed a black bear
  3190 | D:4      | Killed a black bear
  3191 | D:4      | Reached skill level 6 in Ice Magic
  3191 | D:4      | Reached XP level 6. HP: 18/32 MP: 3/11
  3709 | D:4      | Found Esmuov's Armour Shop.
  4160 | D:4      | Found a glowing golden altar of the Shining One.
  4327 | D:5      | Entered Level 5 of the Dungeon
  4444 | D:5      | Found a basalt altar of Yredelemnul.
  4445 | D:5      | Found a shimmering blue altar of Sif Muna.
  4500 | D:5      | Reached skill level 4 in Spellcasting
  4605 | D:5      | Reached skill level 7 in Ice Magic
  4686 | D:5      | Reached XP level 7. HP: 35/36 MP: 11/13
  4810 | D:5      | Reached skill level 5 in Spellcasting
  4877 | D:5      | Reached skill level 6 in Spellcasting
  4954 | D:5      | Reached XP level 8. HP: 41/41 MP: 17/17
  5076 | D:5      | Reached skill level 7 in Spellcasting
  5400 | D:5      | Found a blossoming altar of Fedhas.
  5401 | D:5      | Found a shimmering altar of Xom.
  5402 | D:5      | Found a burning altar of Makhleb.
  5715 | D:5      | Found a staircase to the Ecumenical Temple.
  5721 | Temple   | Entered the Ecumenical Temple
  5978 | Temple   | Became a worshipper of Gozag Ym Sagoz the Greedy
  6029 | D:6      | Reached skill level 8 in Spellcasting
  6093 | D:6      | Found a glowing drain.
  6127 | Sewer    | Entered a sewer
  6685 | D:6      | Reached skill level 9 in Spellcasting
  6685 | D:6      | Reached XP level 9. HP: 23/45 MP: 22/22
  6762 | D:6      | Reached skill level 1 in Fighting
  6774 | D:6      | Reached skill level 2 in Fighting
  6784 | D:6      | Reached skill level 3 in Fighting
  6794 | D:6      | HP: 6/51 [wight (11)]
  6799 | D:6      | HP: 8/51 [wight (4)]
  6858 | D:5      | Reached skill level 4 in Fighting
  6942 | D:4      | Bought a +0 cloak for 49 gold pieces
  6942 | D:4      | Bought a +2 pair of boots of flying for 236 gold pieces
  7254 | D:6      | Found a white marble altar of Elyvilon.
  7437 | D:7      | Reached skill level 5 in Fighting
  7541 | D:4      | Bought a +2 pair of gloves for 181 gold pieces
  7652 | D:7      | Noticed a two-headed ogre
  7757 | D:7      | Reached skill level 6 in Fighting
  7838 | D:7      | Reached skill level 7 in Fighting
  7955 | D:7      | Noticed a two-headed ogre
  7960 | D:7      | Noticed a tengu conjurer
  7961 | D:7      | Noticed a centaur warrior
  7962 | D:7      | Mangled by a two-headed ogre

Illustrated notes

Levels and vault maps discovered:
D:1:      shiori_arrival_whats_in_store_for_you, layout_loops_ring
D:2:      layout_rooms, ebering_ecumenical_altar_mist, hex_medium
D:3:      layout_rooms, general_overflow_altar,
          nicolae_uskayaw_murder_on_the_dancefloor, minmay_statues_item
D:4:      layout_layer_cave, nicolae_tso_swordbearing_angel, serial_shops,
          nicolae_shop_window_shopping
D:5:      minmay_thinvault, layout_cave_pools, grunt_temple_overflow_open,
          minmay_temple_entry_fiery
D:6:      layout_rooms, lemuel_tele_altar, cheibrodos_sewer_entry_drain
D:7:      nzn_winding_woodlands_stair_cross [nzn_winding_woodlands_5x15_parted,
          nzn_winding_woodlands_center_diamonds,
          nzn_winding_woodlands_5x15_sawtooth, nzn_winding_woodlands_5x5_cross,
          nzn_winding_woodlands_hourglass, nzn_winding_woodlands_5x15_default,
          nzn_winding_woodlands_center_pierced_h,
          nzn_winding_woodlands_5x15_concentric], layout_cave_pools,
          hangedman_decor_growths
Temple:   jpeg_temple_island

Skill      XL: |  1  2  3  4  5  6  7  8  9 |
---------------+----------------------------+-----
Ice Magic      | 5 6 7 |  7.0
Spellcasting   | 3 4 6 9 |  9.0
Fighting       | 7 |  7.8
Dodging        | |  1.5
Stealth        | |  2.1

Action                   |  1- 3 |  4- 6 |  7- 9 || total
-------------------------+-------+-------+-------++-------
Melee: Short sword       |   102 |     1 |       ||   103
       Unarmed           |     2 |       |       ||     2
       Dagger            |       |   118 |    74 ||   192
       Flail             |       |       |   239 ||   239
       Scimitar          |       |       |    77 ||    77
 Cast: Freeze            |    32 |    32 |     6 ||    70
       Frozen Ramparts   |       |     2 |    11 ||    13
       Ozocubu's Armour  |       |     2 |    14 ||    16
 Stab: Sleeping          |     4 |     4 |     1 ||     9
       Distracted        |       |       |     1 ||     1
Armor: Robe              |    50 |    74 |   282 ||   406
Dodge: Dodged            |    82 |    88 |   334 ||   504

Table legend: (Time is in decaauts)
 A = Elapsed time spent in this place.
 B = Non-inter-level travel time spent in this place.
 C = Inter-level travel time spent in this place.
 D = Time resting spent in this place.
 E = Time spent auto-exploring this place.
 F = Levels seen in this place.
 G = Mean time per level.
                   A        B        C        D        E       F      G
               +--------+--------+--------+--------+--------+-----+--------+
         Total |   8250 |   7326 |    924 |     24 |   5522 |   9 |  916.7 |
       Dungeon |   7350 |   6460 |    890 |     24 |   4863 |   7 | 1050.0 |
        Temple |    312 |    278 |     34 |      0 |    246 |   1 |  312.0 |
         Sewer |    588 |    588 |      0 |      0 |    413 |   1 |  588.0 |
               +--------+--------+--------+--------+--------+-----+--------+

Top non-repeatable levels by time:
     D:4: 1693 daAuts
     D:1: 1590 daAuts
     D:5: 1515 daAuts
     D:6: 912 daAuts
     D:2: 703 daAuts
   Sewer: 588 daAuts
     D:3: 577 daAuts
     D:7: 358 daAuts
  Temple: 312 daAuts

Table legend:
 A = Kills in this place as a percentage of kills in entire the game.
 B = Kills by you in this place as a percentage of kills by you in the entire game.
 C = Kills by friends in this place as a percentage of kills by friends in the entire game.
 D = Other kills in this place as a percentage of other kills in the entire game.
 E = Experience gained in this place as a percentage of experience gained in the entire game.
 F = Experience gained in this place divided by the number of levels of this place that you have seen.
                   A       B       C       D       E      F
               +-------+-------+-------+-------+-------+----------------------
         Total | 100.0 | 100.0 |   N/A |   N/A | 100.0 | 464.3
       Dungeon |  88.0 |  88.0 |   N/A |   N/A |  94.3 | 562.7
         Sewer |  12.0 |  12.0 |   N/A |   N/A |   5.7 | 240.0
               +-------+-------+-------+-------+-------+----------------------
